 Dungeon Crawl Stone Soup version 0.26-a0-540-g8a0c9464d7 (webtiles) character file.

Game seed: 8499989203154400642

(classic levelgen) 170 EnegeticOcto the Chopper (level 5, -1/46 HPs)
             Began as a Deep Dwarf Fighter on Aug 18, 2020.
             Slain by an ogre
             ... wielding a +0 giant spiked club
              (5 damage)
             ... on level 4 of the Dungeon.
             The game lasted 00:02:28 (441 turns).

EnegeticOcto the Chopper (Deep Dwarf Fighter)        Turns: 441, Time: 00:02:29

Health: -1/46      AC:  6    Str: 20    XL:     5   Next: 25%
Magic:  1/1        EV:  5    Int:  9    God:
Gold:   53         SH: 13    Dex: 12    Spells: 4/4 levels left

rFire    . . .     SeeInvis .   a - +0 war axe
rCold    + . .     Faith    .   g - +0 tower shield
rNeg     . . .     Spirit   .   b - +0 scale mail
rPois    .         Reflect  .   (no helmet)
rElec    .         Harm     .   (no cloak)
rCorr    .                      (no gloves)
MR       .....                  (no boots)
Stlth    ..........             (no amulet)
HPRegen  0.00/turn              p - ring of protection from cold
MPRegen  0.07/turn              (no ring)

@: non-regenerating
A: damage resistance, heal wounds, sense surroundings 1, no regeneration
a: Heal Wounds


You were on level 4 of the Dungeon.
You visited 1 branch of the dungeon, and saw 4 of its levels.

You collected 53 gold pieces.

Inventory:

Hand Weapons
 a - a +0 war axe (weapon)
Armour
 b - a +0 scale mail (worn)
 c - a +0 kite shield
 g - a +0 tower shield (worn)
Jewellery
 p - a ring of protection from cold (left hand)
Scrolls
 f - 2 scrolls of identify {unknown}
 h - a scroll of random uselessness {unknown}
 k - a scroll of remove curse {unknown}
 l - a scroll of magic mapping {unknown}
 m - a scroll of enchant weapon {unknown}
 n - a scroll of immolation {unknown}
Potions
 d - 3 potions of might {@q3}
 e - 2 potions of curing {unknown}
 i - a potion of haste {unknown}
 j - a potion of berserk rage {unknown}
 o - 2 potions of stabbing {unknown}


   Skills:
 - Level 2.6 Fighting
 + Level 6.1 Axes
 - Level 3.2 Armour
 - Level 3.2 Shields


You had 4 spell levels left.
You didn't know any spells.
Your spell library was empty.

Dungeon Overview and Level Annotations

Branches:
Dungeon (4/15)
 Temple: D:4-7

Altars:

Shops:
D:4 *


Innate Abilities, Weirdness & Mutations

You are resistant to damage.
You can heal yourself by infusing magical energy.
You passively map a small area around you.
You do not regenerate.


Message History

The worker ant is almost dead.
You slash the jelly!
You kill the jelly!
You have reached level 5!
You block the worker ant's attack. x2
You closely miss the worker ant.
The worker ant is almost dead.
The worker ant bites you.
You are more poisoned.
The worker ant poisons you!
The worker ant bites you but does no damage.
You hit the worker ant.
You kill the worker ant!
Your Axes skill increases to level 6!
No target in view!
No target in view!
No target in view!
No target in view!
No target in view!
No target in view!
No target in view!
No target in view!
p - an encrusted glass ring
p - a ring of protection from cold (left hand)
(D) Dungeon
Where to? (Enter - D:3, ? - help)
There is a stone staircase leading down here.
You climb downwards.
There is a stone staircase leading up here.
You are no longer poisoned.
You see here a flail.
An ogre comes into view. It is wielding a +0 giant club.
The ogre shouts!
The ogre moves out of view.
Found an escape hatch in the ceiling.
Found Cvyraqy's Commerce Corner.
There is a stone staircase leading down here.
A gnoll comes into view. It is wielding a +0 club.
The gnoll shouts!
You hear a shout!
Found 21 stones.
A gnoll comes into view.
The gnoll shouts!
A gnoll comes into view.
A gnoll and an ogre come into view.
The gnoll is wielding a +1 vorpal flail.
The ogre shouts!
The gnoll shouts!
The gnoll barely misses you.
You see here 21 stones.
You block the gnoll's attack.
There is an entrance to Cvyraqy's Commerce Corner here.
You hit the gnoll.
The gnoll is moderately wounded.
You hit the gnoll but do no damage. The gnoll hits you.
You barely miss the gnoll.
The gnoll is moderately wounded.
You hit the ogre but do no damage. You slash the gnoll!
The ogre hits you with a +0 giant spiked club.
The gnoll hits you but does no damage.
The ogre hits you with a +0 giant spiked club!
The gnoll hits you.
Your magical essence is drained by the effort!
You feel much better. You block the gnoll's attack. x2
The gnoll hits you with a +0 club.
You slash the gnoll!
You kill the gnoll!
You slash the ogre! You barely miss the ogre. You barely miss the gnoll.
You hit the gnoll. The gnoll hits you.
The ogre hits you with a +0 giant spiked club!
You block the ogre's attack. The gnoll hits you!
You slash the ogre!
The ogre is almost dead.
You completely miss the gnoll. You hit the gnoll but do no damage.
You hit the ogre. You block the gnoll's attack.
The ogre hits you with a +0 giant spiked club!!
Ouch! That really hurt!
* * * LOW HITPOINT WARNING * * *
You block the ogre's attack. The gnoll closely misses you.
Your magical essence is drained by the effort!
You feel much better. The gnoll hits you but does no damage.
You block the gnoll's attack. The gnoll barely misses you.
The ogre barely misses you. You block the ogre's attack.
Your magical essence is drained by the effort!
You feel much better. The gnoll hits you with a +0 club.
You block the gnoll's attack. The gnoll hits you.
You hit the ogre.
The ogre is almost dead.
You hit the gnoll. You closely miss the gnoll. You hit the gnoll.
You closely miss the ogre.
The ogre hits you with a +0 giant spiked club!
You block the ogre's attack. You block the gnoll's attack.
The gnoll hits you but does no damage. You block the gnoll's attack.
You barely miss the ogre.
The ogre is almost dead.
You barely miss the gnoll. x2; You hit the gnoll but do no damage.
You slash the ogre! The gnoll hits you with a +0 club.
The ogre hits you with a +0 giant club!!
Ouch! That really hurt!
* * * LOW HITPOINT WARNING * * *
The ogre hits you with a +0 giant spiked club.
You die...

### #<# #)# #.# ** #.#..
##### #.#.# ##...## #.#.#
##.O...# #.#.#
#####.@g...#######.#.##
......Ogg(..............
,######.....######.....##
*,.............>........
*,#....#######....##..##
#....* #.......... #....
##......... , #....*
#O........ #... *
#.........


You could see 2 ogres and 3 gnolls.

Vanquished Creatures
  A jelly (D:3)
  2 worker ants
  4 gnolls
  4 adders
  A worm (D:2)
  A hobgoblin (D:2)
  4 jackals (D:2)
  3 kobolds
  A frilled lizard (D:2)
  3 goblins
  4 rats (D:2)
28 creatures vanquished.

Notes
Turn   | Place    | Note
-------+----------+-------------------------------------------
     0 | D:1      | EnegeticOcto the Deep Dwarf Fighter began the quest for the
                  | Orb.
     0 | D:1      | Reached XP level 1. HP: 20/20 MP: 1/1
   157 | D:2      | Reached skill level 3 in Axes
   157 | D:2      | Reached XP level 2. HP: 20/27 MP: 2/2
   185 | D:2      | Reached skill level 4 in Axes
   185 | D:2      | Reached XP level 3. HP: 22/33 MP: 3/3
   323 | D:4      | Reached skill level 5 in Axes
   323 | D:4      | Reached XP level 4. HP: 30/40 MP: 4/4
   379 | D:3      | Reached XP level 5. HP: 38/46 MP: 4/4
   381 | D:3      | Reached skill level 6 in Axes
   416 | D:4      | Noticed an ogre
   423 | D:4      | Found Cvyraqy's Commerce Corner.
   429 | D:4      | Noticed an ogre
   441 | D:4      | Slain by an ogre

Illustrated notes

Levels and vault maps discovered:
D:1:      giann_wishing_wells, layout_rooms, nemelex_xobeh_ov_fountains_minmay
D:2:      cheibrodos_fertilizer, layout_rooms, serial_glass, glass_columns_a,
          glass_columns_c, glass_columns_a, glass_columns_a, glass_columns_c,
          glass_columns_c
D:3:      layout_basic, uniq_crazy_yiuf_cottage, uniq_robin
D:4:      layout_basic, minitemple, nicolae_alphabet_shops

Skill      XL: |  1  2  3  4  5 |
---------------+----------------+-----
Axes           | 3 4 5 6 |  6.1
Fighting       | |  2.6
Armour         | |  3.2
Shields        | |  3.2

Action                   |  1- 3 |  4- 6 || total
-------------------------+-------+-------++-------
Melee: War axe           |    40 |    31 ||    71
 Abil: Heal Wounds       |     2 |     4 ||     6
Armor: Scale mail        |    35 |    13 ||    48
Dodge: Dodged            |    27 |    11 ||    38
Block: Kite shield       |    15 |       ||    15
       Tower shield      |    61 |    35 ||    96

Table legend: (Time is in decaauts)
 A = Elapsed time spent in this place.
 B = Non-inter-level travel time spent in this place.
 C = Inter-level travel time spent in this place.
 D = Time resting spent in this place.
 E = Time spent auto-exploring this place.
 F = Levels seen in this place.
 G = Mean time per level.
                   A        B        C        D        E       F      G
               +--------+--------+--------+--------+--------+-----+--------+
         Total |    471 |    460 |     11 |      0 |      0 |   4 |  117.8 |
       Dungeon |    471 |    460 |     11 |      0 |      0 |   4 |  117.8 |
               +--------+--------+--------+--------+--------+-----+--------+

Top non-repeatable levels by time:
     D:2: 210 daAuts
     D:4: 122 daAuts
     D:1: 94 daAuts
     D:3: 44 daAuts
